 Dungeon Crawl Stone Soup version 0.31-a0-851-g7ff8af7976 (webtiles) character file.

Game seed: 17740038907486025933

2 Descartes the Sneak (level 1, -1/9 HPs)
             Began as a Spriggan Enchanter on Oct 6, 2023.
             Slain by a ball python (3 damage)
             ... on level 2 of the Dungeon.
             The game lasted 00:00:18 (116 turns).

Descartes the Sneak (Spriggan Enchanter)             Turns: 116, Time: 00:00:18

Health: -1/9       AC:  2    Str:  4    XL:     1   Next: 33%
Magic:  5/5        EV: 17    Int: 16    God:
Gold:   0          SH:  0    Dex: 15    Spells: 5/5 levels left

rFire   . . .        a - +1 dagger
rCold   . . .        (no shield)
rNeg    . . .        b - +0 robe
rPois   .            (helmet restricted)
rElec   .            (no cloak)
rCorr   .            (gloves unavailable)
SInv    +            (boots unavailable)
Will    .....        (no amulet)
Stlth   ++           (no ring)
HPRegen 0.21/turn    (no ring)
MPRegen 0.09/turn

%: no passive effects
@: slow
A: very small, no large weapons, unfitting armour, see invisible, speed 3
a: no special abilities


You were on level 2 of the Dungeon.
You visited 1 branch of the dungeon, and saw 2 of its levels.

Inventory:

Hand Weapons
 a - a +1 dagger (weapon)
Armour
 b - a +0 robe (worn)
Potions
 c - 2 potions of invisibility
 d - a potion of heal wounds {unknown}


   Skills:
 - Level 1.1 Short Blades
 - Level 2.6 Dodging
 + Level 4.7 Stealth
 - Level 2.6 Spellcasting
 - Level 3.6 Hexes


You had 5 spell levels left.
You didn't know any spells.
Your spell library contained the following spells:

 Spells                   Type           Power      Damage    Failure   Level
 Confusing Touch          Hex            13%        N/A       13%         3
 Tukima's Dance           Hex            13%        N/A       13%         3
 Ensorcelled Hibernation  Hex/Ice        14%        N/A       14%         2
 Dazzling Flash           Conj/Hex       14%        N/A       28%         3


Dungeon Overview and Level Annotations

Branches:
Dungeon (2/15)

Altars:


Innate Abilities, Weirdness & Mutations

You are very small and have problems with some larger weapons.
You are too small for most types of armour.
You have supernaturally acute eyesight. (SInv)
You cover ground extremely quickly. (Speed+++)


Message History

You are too injured to fight recklessly!
You are too injured to fight recklessly!
You are too injured to fight recklessly!
You are too injured to fight recklessly!
Unknown command.
You hit the gnoll.
The gnoll is severely wounded.
The goblin hits you but does no damage. The gnoll hits you with a +0 spear.
* * * LOW HITPOINT WARNING * * *
Unknown command.
The gnoll closely misses you.
A giant cockroach comes into view.
There is a stone staircase leading down here.
You climb downwards.
The hobgoblin shouts!
The endoplasm quivers.
You hear an angry hiss.
You hear a shout!
Found five items.
There is a stone staircase leading up here.
There are monsters nearby!
A goblin comes into view. It is wielding a +0 dagger.
A goblin comes into view. It is wielding a +0 club.
A goblin comes into view. It is wielding a +0 club.
The goblin shouts!
You hit the goblin.
The goblin is moderately wounded.
The goblin barely misses you.
You hit the goblin. Your punch misses the goblin.
The goblin is almost dead.
The goblin hits you with a +0 club.
* * * LOW HITPOINT WARNING * * *
A ball python comes into view.
The ball python hisses angrily.
You hear a shout!
There is a dry fountain here.
You enter the shallow water.
Moving in this stuff is going to be slow.
Found 6 gold pieces.
A quokka comes into view.
The ball python bites you.
You die...

...... .. ..... ...
.... ... .# ~.$
###..!...... #.. #~≈
...#.......# #.⌠.#≈≈
.⌠.#.$.....##
#...#≈≈#...#........##
.###~≈≈@###r.........##
...≈≈≈≈≈S.gg..........#
...≈≈≈≈≈~..............
.###~≈≈g###J!..<...?...
#...#≈≈#...#.......#..#
#.⌠.#≈≈#.⌠.#.......#
#.. #~~#..g#../....# .#
#~..≈###..J......#
......g.......##.#


You could see an endoplasm, a hobgoblin, 2 goblins and a ball python.

Vanquished Creatures
  A goblin (D:1)
  A quokka (D:1)
2 creatures vanquished.

Notes
Turn   | Place    | Note
-------+----------+-------------------------------------------
     0 | D:1      | Descartes the Spriggan Enchanter began the quest for the
                  | Orb.
     0 | D:1      | Reached XP level 1. HP: 9/9 MP: 5/5
   116 | D:2      | Slain by a ball python

Illustrated notes

Levels and vault maps discovered:
D:1:      minmay_arrival_jagged, layout_rooms, serial_shops,
          nicolae_shop_temple_entry_statues_fountains, basic_ecumenical_altar
D:2:      layout_rooms, fountainhead, grunt_decor_mini_mirrors,
          minmay_tetromino_i2

Action                     || total
---------------------------++-------
  Melee: Dagger            ||    21
 Armour: Robe              ||    10
  Dodge: Dodged            ||    20

Table legend: (Time is in decaauts)
 A = Elapsed time spent in this place.
 B = Non-inter-level travel time spent in this place.
 C = Inter-level travel time spent in this place.
 D = Time resting spent in this place.
 E = Time spent auto-exploring this place.
 F = Levels seen in this place.
 G = Mean time per level.
                   A        B        C        D        E       F      G
               +--------+--------+--------+--------+--------+-----+--------+
         Total |     81 |     81 |      0 |      0 |     37 |   2 |   40.5 |
       Dungeon |     81 |     81 |      0 |      0 |     37 |   2 |   40.5 |
               +--------+--------+--------+--------+--------+-----+--------+

Top non-repeatable levels by time:
     D:1: 71 daAuts
     D:2: 9 daAuts
